 Dungeon Crawl Stone Soup version 0.22-a0-447-gee5f723 (webtiles) character file.

1057 VajrapaniREALTIME the Chopper (level 8, -2/63 HPs)
             Began as a Formicid Fighter on June 3, 2018.
             Slain by an ogre
             ... wielding a cursed -3 giant club
              (19 damage)
             ... on level 5 of the Dungeon.
             The game lasted 00:04:40 (4556 turns).

VajrapaniREALTIME the Chopper (Formicid Fighter)    Turns: 4556, Time: 00:04:40

Health: -2/63      AC: 10    Str: 28    XL:     8   Next: 51%
Magic:  8/8        EV:  7    Int:  8    God:
Gold:   189        SH: 13    Dex: 12    Spells: 7/7 levels left

rFire    . . .     SeeInvis +   a - +0 war axe
rCold    . . .     Gourm    .   c - +0 shield
rNeg     . . .     Faith    .   q - +0 chain mail
rPois    +         Spirit   .   (helmet unavailable)
rElec    .         Reflect  +   (no cloak)
rCorr    .         Harm     .   (no gloves)
MR       .....                  (no boots)
Stlth    ..........             G - +2 amulet of reflection
HPRegen  0.20/turn              C - ring of poison resistance
MPRegen  0.11/turn              A - +2 ring of dexterity

@: mighty
A: permanent stasis, dig shafts and tunnels, four strong arms, antennae 3
a: Dig, Shaft Self


You were on level 5 of the Dungeon.
You were not hungry.

You visited 1 branch of the dungeon, and saw 5 of its levels.
You also visited: Ossuary.

You collected 189 gold pieces.

Inventory:

Hand Weapons
 a - a +0 war axe (weapon)
Armour
 b - a +0 scale mail
 c - a +0 shield (worn)
 q - a +0 chain mail (worn)
Jewellery
 l - an uncursed ring of wizardry
 A - a +2 ring of dexterity (right hand)
 C - a ring of poison resistance (left hand)
 G - a +2 amulet of reflection (around neck)
Wands
 B - a wand of paralysis (13)
 E - a wand of flame (23)
Scrolls
 e - 4 scrolls of immolation {unknown}
 i - 7 scrolls of identify {unknown}
 n - 2 scrolls of amnesia {unknown}
 p - a scroll of noise {unknown}
 r - 2 scrolls of teleportation {unknown}
 t - 2 scrolls of remove curse {unknown}
 v - a scroll of enchant armour {unknown}
 x - a scroll of enchant weapon {unknown}
 y - a scroll of random uselessness {unknown}
Potions
 g - a potion of resistance {unknown}
 h - a potion of flight {unknown}
 j - 3 potions of curing {unknown}
 k - a potion of lignification {unknown}
 m - 2 potions of cancellation {unknown}
 o - 2 potions of heal wounds {unknown}
 s - a potion of brilliance {unknown}
 u - a potion of berserk rage {unknown}
 w - a potion of agility {unknown}
 z - 2 potions of mutation {unknown}
 D - a potion of degeneration {unknown}
Comestibles
 f - 7 rations


   Skills:
 + Level 5.6 Fighting
 * Level 6.2 Axes
 + Level 5.6 Armour
 + Level 6.1 Shields


You had 7 spell levels left.
You didn't know any spells.
Your spell library was empty.

Dungeon Overview and Level Annotations

Branches:
Dungeon (5/15)
 Temple: D:4-7

Altars:
Dithmenos
Nemelex Xobeh
Sif Muna
Trog

Shops:
D:4 (

Annotations:
D:5 Eustachio


Innate Abilities, Weirdness & Mutations

You cannot be hasted, slowed, berserked, paralysed or teleported.
You can dig through walls and to a lower floor.
Your four strong arms can wield two-handed weapons with a shield.
You have a pair of large antennae on your head. (SInv)


Message History

Your chain mail prevents you from hitting the centaur.
The centaur is heavily wounded.
The centaur hits you.
Unknown command.
Your shield and chain mail prevent you from hitting the centaur.
The centaur is heavily wounded.
The centaur hits you. You block the centaur's attack.
Your shield and chain mail prevent you from hitting the centaur.
The centaur is heavily wounded.
You block the centaur's attack. The centaur hits you!
You slice the centaur!!
You kill the centaur!
You slash the ogre!
The ogre is moderately wounded.
The ogre hits you with a giant club!
* * * LOW HITPOINT WARNING * * *
You slash the ogre!
The ogre is heavily wounded.
The ogre hits you with a giant club!!
You die...

#. #.# ## #.# ..# #.# ..#
#.. ..# #.#####..###.
#.##.(.......
#)O(.##......
#@#####..c...
##.######(...........
.........######## @.#
##.#####.# .# ###.# #
############...##
#.......##......#
#.....).##.#.##.#######..
##.....)<##.#.##.......[..


You could see an ogre.

Vanquished Creatures
  Edmund (D:4)
  Duvessa (D:5)
  2 ogres (D:4)
  A phantom (D:4)
  2 centaurs (D:5)
  Dowan (D:5)
  A hound (D:4)
  3 iguanas (D:4)
  Jessica (D:2)
  Natasha (thrice) (D:3)
  A mummy (D:4)
  5 adders
  A shadow imp (D:5)
  An ooze (D:1)
  3 dart slugs
  3 leopard geckos (D:1)
  3 orcs
  4 giant cockroaches
  18 goblins
  8 hobgoblins
  4 jackals (D:2)
  5 bats
  4 frilled lizards
  3 kobolds
  A quokka skeleton (D:3)
  6 rats
86 creatures vanquished.

Notes
Turn   | Place    | Note
-------+----------+-------------------------------------------
     0 | D:1      | VajrapaniREALTIME the Formicid Fighter began the quest for the Orb.
     0 | D:1      | Reached XP level 1. HP: 18/18 MP: 1/1
   293 | D:1      | Reached XP level 2. HP: 21/24 MP: 2/2
   389 | D:1      | Reached XP level 3. HP: 27/29 MP: 3/3
   974 | D:2      | Noticed Jessica
   981 | D:2      | Killed Jessica
   981 | D:2      | Reached XP level 4. HP: 36/37 MP: 4/4
  1431 | D:2      | Reached XP level 5. HP: 37/42 MP: 5/5
  1524 | D:2      | Found a bloodstained altar of Trog.
  1526 | D:2      | Found a deep blue altar of Sif Muna.
  1671 | D:3      | Noticed Natasha
  1681 | D:3      | Killed Natasha
  1777 | D:3      | Noticed Natasha
  1786 | D:3      | Killed Natasha
  2070 | D:3      | Noticed Natasha
  2081 | D:3      | Killed Natasha
  2081 | D:3      | Reached XP level 6. HP: 19/48 MP: 6/6
  3083 | D:4      | Found a sand-covered staircase.
  3092 | Ossuary  | Entered an ossuary
  3560 | D:4      | Noticed a phantom
  3580 | D:4      | Killed a phantom
  3580 | D:4      | Reached skill level 5 in Shields
  3580 | D:4      | Reached XP level 7. HP: 43/55 MP: 7/7
  3626 | D:4      | Found a sparkling altar of Nemelex Xobeh.
  3629 | D:4      | Found a shadowy altar of Dithmenos.
  3666 | D:4      | Found Asaykuan's Weapon Shoppe.
  3797 | D:4      | Reached skill level 5 in Axes
  3807 | D:4      | Reached skill level 5 in Fighting
  3807 | D:4      | Reached skill level 5 in Armour
  4045 | D:4      | Found a sparkling altar of Nemelex Xobeh.
  4188 | D:5      | Entered Level 5 of the Dungeon
  4188 | D:5      | Noticed Dowan
  4188 | D:5      | Noticed Edmund
  4189 | D:5      | Noticed Duvessa
  4209 | D:4      | Killed Edmund
  4209 | D:4      | Reached XP level 8. HP: 34/62 MP: 8/8
  4367 | D:5      | Killed Duvessa
  4374 | D:5      | Killed Dowan
  4538 | D:5      | Noticed Eustachio
  4556 | D:5      | Slain by an ogre

Vault maps used:
D:1:      evilmike_arrival_crescent
D:2:      cheibrodos_greedy_goblins, minitemple, uniq_jessica
D:3:      uniq_natasha
D:4:      nicolae_overflow_hidden_temple, serial_shops, shop,
          gup_ossuary_entry_pyramid, dk_noncrumbling_4,
          nemelex_lonely_heart_becter
D:5:      first_ration, uniq_duvessa, uniq_eustachio, uniq_edmund
Ossuary:  ossuary_zaba_flooded

Skill      XL: |  1  2  3  4  5  6  7  8 |
---------------+-------------------------+-----
Shields        | 4 5 6 |  6.1
Axes           | 3 4 5 6 |  6.2
Fighting       | 4 5 |  5.6
Armour         | 4 5 |  5.6

Action                   |  1- 3 |  4- 6 |  7- 9 || total
-------------------------+-------+-------+-------++-------
Melee: War axe           |    75 |   174 |    73 ||   322
  Use: Potion            |       |       |     2 ||     2
  Eat: Chunk             |       |     5 |     4 ||     9
       Ration            |       |     1 |       ||     1
Armor: Scale mail        |    27 |       |       ||    27
       Chain mail        |     3 |   102 |    29 ||   134
Dodge: Dodged            |    37 |    41 |    19 ||    97
Block: Shield            |    53 |    95 |    45 ||   193
       Reflection        |       |       |     3 ||     3

Table legend:
 A = Spawn XP
 B = Non-spawn XP
 C = Spawn XP percentage of total XP
 D = Spawn monster count
 E = Non-spawn monster count
 F = Spawn count percentage of total count
 G = Total turns spent on level
                    A         B        C        D         E        F      G
               +---------+---------+-------+---------+---------+-------+---------
         Total |       0 |    1510 |   0.0 |       0 |      86 |   0.0 |  4556
               +---------+---------+-------+---------+---------+-------+---------
           D:1 |       0 |      44 |   0.0 |       0 |      20 |   0.0 |   769
           D:2 |       0 |     102 |   0.0 |       0 |      23 |   0.0 |   883
           D:3 |       0 |     140 |   0.0 |       0 |      23 |   0.0 |  1167
           D:4 |       0 |     748 |   0.0 |       0 |      14 |   0.0 |  1516
           D:5 |       0 |     476 |   0.0 |       0 |       6 |   0.0 |   203
               +---------+---------+-------+---------+---------+-------+---------
